 Dungeon Crawl Stone Soup version 0.30-a0-636-g200c5c4a83 (webtiles) character file.

Game seed: 17037634817368728386

1649 BaabKaare the Firebug (level 8, -5/59 HPs)
             Began as a Green Draconian Fire Elementalist on Jan 15, 2023.
             Was an Initiate of Gozag.
             Slain by a shadow (7 damage)
             ... created by the darkness of Dithmenos
             ... on level 5 of the Dungeon.
             The game lasted 00:26:46 (9471 turns).

BaabKaare the Firebug (DrFE)                        Turns: 9471, Time: 00:26:46

Health: -5/59      AC: 10    Str: 11    XL:     8   Next: 67%
Magic:  1/16       EV: 12    Int: 17    God:    Gozag
Gold:   259        SH:  0    Dex: 12    Spells: 7/20 levels left

rFire   . . .      SeeInvis .    (no weapon)
rCold   . . .      Faith    .    (no shield)
rNeg    . . .      Spirit   .    (body armour unavailable)
rPois   +          Reflect  .    (helmet restricted)
rElec   .          Harm     .    (no cloak)
rCorr   .          Rampage  .    (no gloves)
Will    .....                    (no boots)
Stlth   ++                       (no amulet)
HPRegen 0.29/turn                m - +4 ring of protection
MPRegen 0.15/turn                (no ring)

@: no status effects
A: breathe noxious fumes, AC +6, unfitting armour, poison resistance,
cold-blooded, beak, low MP 1
a: Breathe Noxious Fumes, Renounce Religion, Potion Petition, Call Merchant,
Bribe Branch


You were on level 5 of the Dungeon.
You worshipped Gozag.
Gozag was aware of your devotion.
You visited 1 branch of the dungeon, and saw 6 of its levels.

You collected 360 gold pieces.
You paid 101 gold pieces to Gozag.

Inventory:

Hand Weapons
 g - a +1 short sword of speed
Jewellery
 m - a +4 ring of protection (left hand)
Scrolls
 b - a scroll of identify
 d - a scroll of magic mapping
 f - 2 scrolls of teleportation
 i - 3 scrolls of fear {unknown}
 j - a scroll of noise {unknown}
 l - 2 scrolls of amnesia {unknown}
 p - a scroll of silence {unknown}
 q - 2 scrolls of enchant armour {unknown}
 r - a scroll of poison {unknown}
 s - a scroll of immolation {unknown}
Potions
 c - 4 potions of degeneration
 k - a potion of cancellation


   Skills:
 + Level 1.1 Fighting
 + Level 3.3 Dodging
 + Level 2.5 Stealth
 + Level 6.9 Spellcasting
 + Level 2.3 Conjurations
 + Level 0.4 Hexes
 + Level 0.6 Translocations
 + Level 7.3 Fire Magic
 + Level 1.1 Air Magic


You had 7 spell levels left.
You knew the following spells:

 Your Spells              Type           Power      Damage    Failure   Level
a - Foxfire               Conj/Fire      88%        2x1d8     1%          1
b - Scorch                Fire           60%        2d8       1%          2
c - Inner Flame           Hex/Fire       19%        N/A       7%          3
d - Kindle Blastsparks    Fire/Tloc/Air  32%        2d12      10%         3
e - Flame Wave            Conj/Fire      22%        2d8       16%         4

Your spell library contained the following spells:

 Spells                   Type           Power      Damage    Failure   Level
 Freeze                   Ice            20%        1d4       12%         1
 Hailstorm                Conj/Ice       9%         3d4       22%         3
 Frozen Ramparts          Ice            10%        1d2       34%         3
 Summon Cactus Giant      Summ           2%         N/A       100%        6


Dungeon Overview and Level Annotations

Branches:
Dungeon (6/15)
 Temple: D:4-7

Altars:
Dithmenos
Gozag
Qazlal
Ru
Zin

Shops:
D:1 !   D:3 (

Annotations:
D:3 Natasha


Innate Abilities, Weirdness & Mutations

You can breathe blasts of noxious fumes.
Your lurid green scales are hard. (AC +6)
You cannot fit into any form of body armour.
Your system is resistant to poisons. (rPois)
You are cold-blooded and may be slowed by cold attacks.
You have a beak for a mouth.
Your magical capacity is low. (-10% MP)


Message History

Flames lash something.
Reactivating autopickup.
The shadow hits you. The shadow hits you!
Casting: Scorch (safe; 1% risk of failure)
Confirm with . or Enter, or press ? or * to list all spells.
Flames lash the shadow but do no damage.
The shadow is no longer more vulnerable to fire.
The shadow completely misses you. x2
Casting: Scorch (safe; 1% risk of failure)
Confirm with . or Enter, or press ? or * to list all spells.
Flames lash the shadow.
The shadow is moderately damaged.
The shadow's fire resistance burns away.
The shadow hits you. The shadow barely misses you.
Casting: Scorch (safe; 1% risk of failure)
Confirm with . or Enter, or press ? or * to list all spells.
Flames lash the shadow.
The shadow is moderately damaged.
The shadow's fire resistance burns away.
The shadow hits you! The shadow hits you.
Casting: Scorch (safe; 1% risk of failure)
Confirm with . or Enter, or press ? or * to list all spells.
Flames lash the shadow.
The shadow is burned terribly!
The shadow is severely damaged.
The shadow is no longer more vulnerable to fire.
The shadow slips into darkness.
The shadow flickers and vanishes!
Deactivating autopickup; reactivate with Ctrl-A.
The shadow hits you.
Casting: Scorch (safe; 1% risk of failure)
Confirm with . or Enter, or press ? or * to list all spells.
You don't have enough magic to cast this spell.
You barely miss the shadow.
The shadow is moderately damaged.
The shadow strikes at you from the darkness!
* * * LOW HITPOINT WARNING * * *
Reactivating autopickup.
The shadow hits you!
You die...
Your body crumbles into a pile of gold.

............)...#####.##.## #.
..............#.[# #.....# #.
#..............#.###############.
#..........#.#....#...........##.
#..........#.###..#.#########.##.
#.....(....#.# #......# #.##.
#.......)..#.# ####.#.# #.##.
#..........#.######...# #.#..
#..........#...W@WW..># #.#..
#..........#######.#### #.#.#
#..........# #.# #.#.#
############ #.# #.#.# #.# #.#.#
#.##########.#.# #............#.#
##############.# #.#


You could see 3 shadows.

Vanquished Creatures
  2 shadows
  Menkaure (D:4)
  A water moccasin (D:5)
  2 black bears
  An ogre (D:6)
  3 centaurs
  A phantom (D:5)
  Blork the orc (D:5)
  A jelly (D:4)
  3 hounds (D:5)
  3 orc priests
  A gnoll bouda (D:5)
  3 iguanas (D:5)
  Natasha (twice) (D:3)
  Ijyb (D:4)
  5 orc wizards
  6 adders
  3 gnolls (D:5)
  3 shadow imps (D:4)
  2 white imps
  3 ufetubi (D:4)
  2 worms
  2 dart slugs (D:5)
  25 orcs
  10 ball pythons
  6 endoplasms
  3 giant cockroaches
  13 goblins
  8 hobgoblins
  3 jackals (D:4)
  6 kobolds
  4 quokkas
  7 bats
  A frilled lizard (D:3)
  7 rats
145 creatures vanquished.

Vanquished Creatures (others)
  An orc wizard (D:5)
  8 demonic plants (D:4)
  81 foxfires
90 creatures vanquished.

Grand Total: 235 creatures vanquished

Notes
Turn   | Place    | Note
-------+----------+-------------------------------------------
     0 | D:1      | BaabKaare the Draconian Fire Elementalist began the quest
                  | for the Orb.
     0 | D:1      | Reached XP level 1. HP: 14/14 MP: 3/3
   358 | D:1      | Found Fentagut's Distillery.
   427 | D:1      | Reached XP level 2. HP: 19/20 MP: 0/5
   583 | D:1      | Learned a level 2 spell: Scorch
   926 | D:2      | Reached XP level 3. HP: 18/26 MP: 3/6
  1716 | D:3      | Noticed a centaur
  1716 | D:3      | Found a faded altar of an unknown god.
  1718 | D:3      | Killed a centaur
  1719 | D:3      | Reached skill level 4 in Fire Magic
  1719 | D:3      | Reached XP level 4. HP: 33/33 MP: 2/8
  1724 | D:3      | Prayed at the altar of an unknown god.
  1724 | D:3      | Became a worshipper of Dithmenos the Shadowed
  1724 | D:3      | Reached * piety under Dithmenos
  1956 | D:2      | Learned a level 3 spell: Inner Flame
  1958 | D:2      | You fall into a shaft and drop 1 floor!
  1967 | D:3      | Reached XP level 5. HP: 38/38 MP: 2/9
  2216 | D:2      | Learned a level 3 spell: Kindle Blastsparks
  2456 | D:3      | Found Mauppuo's Weapon Emporium.
  2563 | D:3      | Noticed Natasha
  2568 | D:3      | Killed Natasha
  2907 | D:3      | Reached skill level 5 in Fire Magic
  2969 | D:3      | Reached ** piety under Dithmenos
  2977 | D:3      | Noticed Natasha
  2981 | D:3      | Killed Natasha
  2982 | D:3      | Reached XP level 6. HP: 37/45 MP: 3/11
  3254 | D:3      | Noticed Natasha
  3895 | D:5      | Entered Level 5 of the Dungeon
  4073 | D:4      | Gained mutation: Your magical capacity is low. (-10% MP)
                  | [potion of mutation]
  4073 | D:4      | Gained mutation: You have a beak for a mouth. [potion of
                  | mutation]
  4073 | D:4      | Gained mutation: Your system is resistant to poisons.
                  | (rPois) [potion of mutation]
  4079 | D:4      | Noticed Menkaure
  4245 | D:4      | Your scales start taking on a lurid green colour.
  4245 | D:4      | Reached XP level 7. HP: 47/51 MP: 4/12
  4245 | D:4      | Mutation became permanent: Your system is resistant to
                  | poisons. (rPois) [Green Draconian growth]
  4245 | D:4      | Gained mutation: Your system is resistant to poisons.
                  | (rPois) [Green Draconian growth]
  4256 | D:4      | Learned a level 4 spell: Flame Wave
  4362 | D:4      | Killed Menkaure
  4363 | D:4      | Reached skill level 5 in Spellcasting
  4363 | D:4      | Reached skill level 6 in Fire Magic
  4572 | D:4      | Reached skill level 1 in Fighting
  5094 | D:4      | Noticed Ijyb
  5105 | D:4      | Paralysed by Ijyb for 4 turns
  5112 | D:4      | Paralysed by Ijyb for 5 turns
  5203 | D:4      | Killed Ijyb
  5433 | D:4      | Found a stormy altar of Qazlal.
  5908 | D:5      | Noticed Blork the orc
  5977 | D:5      | HP: 2/52 [Blork the orc/puff of frost (8)]
  6281 | D:5      | Killed Blork the orc
  6282 | D:5      | Reached XP level 8. HP: 59/59 MP: 6/15
  7267 | D:5      | Reached skill level 1 in Air Magic
  7309 | D:5      | Found a sacrificial altar of Ru.
  7357 | D:5      | Found a glowing silver altar of Zin.
  7357 | D:5      | Found an opulent altar of Gozag.
  7362 | D:5      | Fell from the grace of Dithmenos
  7362 | D:5      | Became a worshipper of Gozag Ym Sagoz the Greedy
  7434 | D:5      | Reached skill level 7 in Fire Magic
  8892 | D:6      | Noticed a shadow demon
  8892 | D:6      | Noticed a shadow demon
  9471 | D:5      | HP: 2/59 [something (29)]
  9471 | D:5      | Slain by a shadow

Illustrated notes

Levels and vault maps discovered:
D:1:      psy_arrival_radial02, layout_basic, serial_shops, shop
D:2:      layout_basic
D:3:      layout_basic, serial_shops, nicolae_shop_bloodbath_and_beyond,
          nicolae_ecumenical_pavilion, minivault_14, uniq_natasha
D:4:      layout_basic, mainiacjoe_overflow_small_starburst, serial_demonic,
          serial_demonic_b, serial_demonic_b, serial_demonic_e,
          serial_demonic_a, serial_demonic_e, serial_demonic_c,
          minmay_manual_mares, uniq_ijyb, uniq_menkaure
D:5:      layout_basic, grunt_temple_overflow_gold_and_silver,
          nicolae_overflow_crystal_walls, uniq_blork_the_orc
D:6:      layout_basic, kennysheep_mini, general_overflow_altar

Skill      XL: |  1  2  3  4  5  6  7  8 |
---------------+-------------------------+-----
Dodging        | 2 3 |  3.3
Stealth        | 2 |  2.5
Fire Magic     | 4 5 6 7 |  7.3
Spellcasting   | 3 4 5 6 |  6.9
Fighting       | 1 |  1.1
Conjurations   | 2 |  2.3
Air Magic      | 1 |  1.1
Hexes          | |  0.4
Translocations | |  0.6

Action                   |  1- 3 |  4- 6 |  7- 9 || total
-------------------------+-------+-------+-------++-------
Melee: Unarmed           |       |     1 |    12 ||    13
       Tailslap          |       |     1 |     2 ||     3
       Punch             |       |       |     2 ||     2
       Peck              |       |       |     2 ||     2
 Cast: Foxfire           |    24 |     7 |    16 ||    47
       Scorch            |    33 |    72 |   116 ||   221
       Inner Flame       |       |     3 |     7 ||    10
       Kindle Blastspark |       |     1 |     7 ||     8
  Use: Potion            |     1 |     4 |     7 ||    12
       Scroll            |       |       |     7 ||     7
Armor: Skin              |    25 |    32 |    63 ||   120
Dodge: Dodged            |    46 |    45 |   102 ||   193

Table legend: (Time is in decaauts)
 A = Elapsed time spent in this place.
 B = Non-inter-level travel time spent in this place.
 C = Inter-level travel time spent in this place.
 D = Time resting spent in this place.
 E = Time spent auto-exploring this place.
 F = Levels seen in this place.
 G = Mean time per level.
                   A        B        C        D        E       F      G
               +--------+--------+--------+--------+--------+-----+--------+
         Total |   9443 |   9272 |    171 |   5168 |   1884 |   6 | 1573.8 |
       Dungeon |   9443 |   9272 |    171 |   5168 |   1884 |   6 | 1573.8 |
               +--------+--------+--------+--------+--------+-----+--------+

Top non-repeatable levels by time:
     D:5: 3041 daAuts
     D:4: 2457 daAuts
     D:1: 1496 daAuts
     D:3: 1104 daAuts
     D:2: 692 daAuts
     D:6: 650 daAuts
